 Dungeon Crawl Stone Soup version 0.23-a0-26-g9187234747 (webtiles) character file.

5531 LLavrengius the Fighter (level 10, -3/71 HPs)
             Began as a Gargoyle Earth Elementalist on Aug 2, 2018.
             Was a Follower of Ashenzari.
             Slain by an ice beast (7 damage)
             ... on level 9 of the Dungeon on Aug 3, 2018.
             The game lasted 00:43:32 (7949 turns).

LLavrengius the Fighter (GrEE)                      Turns: 7949, Time: 00:43:33

Health: -3/71      AC: 14    Str: 13    XL:     10   Next: 71%
Magic:  6/14       EV: 11    Int: 18    God:    Ashenzari [*.....]
Gold:   363        SH:  0    Dex: 10    Spells: 6/15 levels left

rFire    + . .     SeeInvis .   m - +1 dagger (venom)
rCold    . . .     Gourm    .   (no shield)
rNeg     + . .     Faith    .   y - +1 leather armour {rF+} (curse)
rPois    ∞         Spirit   .   N - +0 helmet
rElec    +         Reflect  .   (no cloak)
rCorr    .         Harm     .   (no gloves)
MR       .....                  (no boots)
Stlth    ++........             (no amulet)
HPRegen  0.21/turn              i - +2 ring of protection
MPRegen  0.14/turn              (no ring)

@: starving
A: negative energy resistance 1, electricity resistance, unbreathing,
petrification resistance, rot immunity, AC +7
a: Curse Item, Scrying, Renounce Religion


You were on level 9 of the Dungeon.
You worshipped Ashenzari.
Ashenzari was aware of your devotion.
You were starving.

You visited 2 branches of the dungeon, and saw 10 of its levels.

You collected 433 gold pieces.
You spent 70 gold pieces at shops.

Inventory:

Hand Weapons
 h - a +2 whip of draining
 m - a +1 dagger of venom (weapon)
 G - a +1 vampiric long sword
Missiles
 b - 339 stones (quivered)
 o - 59 bolts
 r - 2 throwing nets
 s - 81 sling bullets
 x - 60 poisoned needles
Armour
 c - a +0 robe
 y - a cursed +1 leather armour of fire resistance (worn)
 H - a +0 helmet
 L - a +0 helmet
 N - a +0 helmet (worn)
Jewellery
 i - a +2 ring of protection (left hand)
 O - an uncursed ring of flight
Wands
 q - a wand of flame (47)
 A - a wand of digging (16)
 J - a wand of disintegration (16)
 K - a wand of iceblast (6)
Scrolls
 f - 3 scrolls of remove curse
 g - a scroll of enchant armour {unknown}
 j - a scroll of noise
 k - 2 scrolls of blinking
 n - 6 scrolls of teleportation
 w - 2 scrolls of fear {unknown}
 B - 2 scrolls of identify {unknown}
 D - 2 scrolls of immolation {unknown}
 E - a scroll of amnesia {unknown}
 I - 2 scrolls of acquirement {unknown}
Potions
 a - a potion of magic {unknown}
 e - 2 potions of flight {unknown}
 l - 2 potions of heal wounds
 p - 2 potions of might {unknown}
 t - a potion of brilliance {unknown}
 u - a potion of resistance {unknown}
 v - a potion of haste
 z - 3 potions of curing
 C - a potion of agility {unknown}
 F - 3 potions of degeneration {unknown}
Comestibles
 d - 19 rations


   Skills:
 + Level 12.0 Fighting
 - Level 2.0 Dodging
 - Level 2.2 Stealth
 + Level 3.2 Spellcasting
 + Level 2.7 Conjurations
   Level 0.7 Transmutations
 + Level 2.4 Fire Magic
 - Level 11.0 Earth Magic
 - Level 3.0 Evocations


You had 6 spell levels left.
You knew the following spells:

 Your Spells              Type           Power        Failure   Level  Hunger
a - Sandblast             Erth           #####.       1%          1    None
b - Lee's Rapid Deconstr  Erth           #####.....   6%          5    ######.
c - Conjure Flame         Conj/Fire      ##......     22%         3    ###....

Your spell library contained the following spells:

 Spells                   Type           Power        Failure   Level  Hunger
 Magic Dart               Conj           ##..         7%          1    None
 Fireball                 Conj/Fire      ##........   89%         5    ######.
 Slow                     Hex            #.......     30%         2    ##.....
 Throw Flame              Conj/Fire      ##....       11%         2    ##.....
 Mephitic Cloud           Conj/Pois/Air  #.......     38%         3    ###....
 Blink                    Tloc           N/A          30%         2    ##.....
 Sticky Flame             Conj/Fire      ##......     56%         4    ####...
 Call Imp                 Summ           #.......     30%         2    ##.....
 Stone Arrow              Conj/Erth      ####..       3%          3    ###....
 Flame Tongue             Conj/Fire      ##...        7%          1    None
 Passwall                 Tmut/Erth      ###.....     2%          2    ##.....
 Petrify                  Tmut/Erth      ###.....     19%         4    ####...
 Inner Flame              Hex/Fire       #.......     36%         3    ###....


Dungeon Overview and Level Annotations

Branches:
Dungeon (9/15)             Temple (1/1) D:6
   Lair: D:8-11         Orc: D:9-12

Altars:
Ashenzari
Cheibriados
Dithmenos
Elyvilon
Fedhas
Gozag
Hepliaklqana
Kikubaaqudgha
Makhleb
Nemelex Xobeh
Okawaru
Qazlal
Ru
Sif Muna
Trog
Uskayaw
Vehumet
Wu Jian
Xom
Yredelemnul
Zin
The Shining One

Shops:
D:5 :*[

Annotations:
D:5 Edmund


Innate Abilities, Weirdness & Mutations

You are resistant to torment.
Your stone body is resilient. (AC +7)
You are immune to poison.
You resist negative energy. (rN+)
You are resistant to electric shocks. (rElec)
You can survive without breathing.
You are immune to petrification.
You are immune to rotting.


Message History

The mass of ice explodes!
The iceblast engulfs the two-headed ogre.
You kill the two-headed ogre!
Your Fighting skill increases to level 12!
Your Spellcasting skill increases to level 3!
Your Conjurations skill increases to level 2!
Your Fire Magic skill increases to level 2!
The iceblast engulfs the ice beast.
The ice beast partially resists.
The ice beast is moderately wounded.
You hear an angry hiss.
You hear a shout! x2
Evoke which item? (* to show all) (? for menu, Esc to quit)
Aiming: Throw Flame
Press: ? - help, Shift-Dir - straight line, f - ice beast
Aim: an ice beast (moderately wounded)
The puff of flame hits the ice beast.
The ice beast melts!
The ice beast is heavily wounded.
The ice beast hits you.
* * * LOW HITPOINT WARNING * * *
The ice beast freezes you!
You die...

### ###.########
##.....##)..#
#..<...#....# .
##...........# ...
#...........##
#....##...........#
#.....@Y...).....##
##................###
##...........|##...###
##........#######...#
##......## ###..
##..##.# ##. #.###..
##.. .## #.# #...
......


You could see an ice beast.

Vanquished Creatures
  Erica (D:8)
  A two-headed ogre (D:9)
  2 slime creatures (D:7)
  Prince Ribbit (D:8)
  2 hippogriffs (D:9)
  A spriggan (D:7)
  Eustachio (D:6)
  A hungry ghost (D:8)
  Duvessa (D:7)
  An orc warrior (D:6)
  2 phantoms
  3 sky beasts
  3 ogres
  4 big kobolds (D:7)
  Blork the orc (D:6)
  5 bullfrogs
  2 gnoll sergeants (D:8)
  Dowan (D:7)
  4 scorpions
  An electric eel (D:9)
  A centaur zombie (D:6)
  A bullfrog zombie (D:8)
  2 crimson imps
  3 jellies
  3 hounds
  A bullfrog skeleton (D:8)
  An orc priest (D:3)
  4 orc wizards
  A centaur skeleton (D:4)
  An iguana (D:8)
  5 worker ants
  A hound skeleton (D:8)
  8 adders
  6 gnolls (D:8)
  6 oozes
  2 adder skeletons
  A worm (D:1)
  2 dart slugs (D:1)
  A leopard gecko (D:4)
  7 orcs
  5 giant cockroaches
  7 hobgoblins
  7 jackals
  8 kobolds
  3 bats
  8 frilled lizards
  5 goblins
  A leopard gecko skeleton (D:6)
  A leopard gecko zombie (D:5)
  A quokka skeleton (D:5)
  3 rats
144 creatures vanquished.

Vanquished Creatures (others)
  A fungus (D:7)
  6 toadstools (D:7)
7 creatures vanquished.

Grand Total: 151 creatures vanquished

Notes
Turn   | Place    | Note
-------+----------+-------------------------------------------
     0 | D:1      | LLavrengius the Gargoyle Earth Elementalist began the quest for the Orb.
     0 | D:1      | Reached XP level 1. HP: 10/10 MP: 3/3
    59 | D:1      | Reached XP level 2. HP: 10/16 MP: 0/5
   299 | D:1      | Reached skill level 1 in Fighting
   539 | D:1      | Reached XP level 3. HP: 17/20 MP: 6/6
  1149 | D:2      | Reached skill level 2 in Fighting
  1150 | D:2      | Found an iron altar of Okawaru.
  1165 | D:2      | Reached XP level 4. HP: 26/26 MP: 7/7
  1169 | D:2      | Found an ornate altar of the Wu Jian Council.
  1234 | D:2      | Found a white marble altar of Elyvilon.
  1234 | D:2      | Found a sparkling altar of Nemelex Xobeh.
  1253 | D:2      | Reached skill level 5 in Earth Magic
  1800 | D:3      | Reached skill level 3 in Fighting
  1800 | D:3      | Reached XP level 5. HP: 32/32 MP: 8/8
  2228 | D:3      | Found a deep blue altar of Sif Muna.
  2411 | D:4      | Reached skill level 4 in Fighting
  2411 | D:4      | Reached XP level 6. HP: 35/38 MP: 9/9
  2803 | D:4      | Noticed a phantom
  2850 | D:4      | Killed a phantom
  3101 | D:4      | Found a shadowy altar of Dithmenos.
  3154 | D:5      | Entered Level 5 of the Dungeon
  3174 | D:5      | Found Mapask's General Store.
  3178 | D:5      | Bought a potion of heal wounds for 70 gold pieces
  3190 | D:5      | Found Nuaruer's Antique Armour Shoppe.
  3232 | D:5      | Reached skill level 5 in Fighting
  3232 | D:5      | Reached XP level 7. HP: 35/44 MP: 10/10
  3273 | D:5      | Found Vivoq's Book Shop.
  3413 | D:5      | Noticed Edmund
  3454 | D:6      | Noticed Blork the orc
  3454 | D:6      | Noticed Eustachio
  3478 | D:6      | Killed Blork the orc
  3667 | D:6      | Reached skill level 6 in Fighting
  3847 | D:6      | Found a staircase to the Ecumenical Temple.
  3864 | Temple   | Entered the Ecumenical Temple
  3930 | Temple   | Became a worshipper of Ashenzari the Shackled
  4033 | D:6      | Reached XP level 8. HP: 10/52 MP: 11/11
  4388 | D:6      | Killed Eustachio
  4388 | D:6      | Reached skill level 7 in Fighting
  5243 | D:6      | Reached * piety under Ashenzari
  5266 | D:7      | Noticed Dowan
  5268 | D:7      | Noticed Duvessa
  5276 | D:7      | Killed Dowan
  5276 | D:7      | Reached skill level 8 in Fighting
  5287 | D:7      | Killed Duvessa
  5489 | D:7      | Reached skill level 10 in Earth Magic
  5489 | D:7      | Reached XP level 9. HP: 52/60 MP: 12/12
  5497 | D:7      | Learned a level 5 spell: Lee's Rapid Deconstruction
  5737 | D:7      | Reached skill level 9 in Fighting
  5814 | D:7      | Reached skill level 1 in Evocations
  6606 | D:8      | Noticed Prince Ribbit
  6622 | D:8      | Killed Prince Ribbit
  6810 | D:8      | Noticed Erica
  6857 | D:8      | Killed Erica
  6857 | D:8      | Reached skill level 11 in Fighting
  6857 | D:8      | Reached XP level 10. HP: 15/69 MP: 4/13
  7134 | D:8      | Found an ancient bone altar of Kikubaaqudgha.
  7431 | D:8      | Found a shimmering altar of Xom.
  7491 | D:8      | Learned a level 3 spell: Conjure Flame
  7624 | D:9      | Reached skill level 1 in Conjurations
  7624 | D:9      | Reached skill level 1 in Fire Magic
  7887 | D:9      | Noticed a two-headed ogre
  7948 | D:9      | Killed a two-headed ogre
  7948 | D:9      | Reached skill level 12 in Fighting
  7949 | D:9      | Slain by an ice beast

Vault maps used:
D:1:      evilmike_arrival_run_for_it, hangedman_decor_riveting,
          patterned_corridor
D:2:      grunt_temple_overflow_open
D:3:      tgw_sif, first_ration, serial_bayou_lagoon_a
D:4:      lemuel_coloured_pillars_altar
D:5:      serial_shops, shop, shop, nicolae_shop_stone, uniq_menkaure,
          uniq_edmund
D:6:      minmay_temple_entry_statues_pillars, uniq_blork_the_orc,
          uniq_eustachio
D:7:      cheibrodos_fertilizer, the_bakery, abandoned_shop, uniq_duvessa
D:8:      chequers_temple_overflow_statue_of_worship, uniq_erica,
          uniq_prince_ribbit1
D:9:      erik_lair_orcish_takeover, erik_orc_2, special_room
Temple:   zaba_magenta_temple

Skill      XL: |  1  2  3  4  5  6  7  8  9 10 |
---------------+-------------------------------+-----
Earth Magic    | 4 5 6 8 10 11 | 11.0
Fighting       | 1 2 3 4 5 6 8 11 12 | 12.0
Dodging        | 2 |  2.0
Evocations     | 3 |  3.0
Conjurations   | 2 |  2.7
Fire Magic     | 2 |  2.4
Spellcasting   | 3 |  3.2
Stealth        | |  2.2
Transmutations | |  0.7

Action                   |  1- 3 |  4- 6 |  7- 9 | 10-12 || total
-------------------------+-------+-------+-------+-------++-------
Melee: Unarmed           |     3 |       |       |       ||     3
       Club              |    41 |       |       |       ||    41
       Dagger            |    46 |   184 |   345 |   139 ||   714
 Cast: Sandblast         |    10 |    11 |    21 |     7 ||    49
       Lee's Rapid Decon |       |       |     6 |     9 ||    15
       Conjure Flame     |       |       |       |     1 ||     1
Invok: Curse Item        |       |       |     1 |       ||     1
Evoke: Wand              |       |       |       |     2 ||     2
  Use: Scroll            |       |     6 |     1 |       ||     7
 Stab: Sleeping          |       |     2 |     2 |       ||     4
  Eat: Chunk             |     1 |     4 |    10 |     6 ||    21
       Ration            |       |     1 |     1 |       ||     2
Armor: Robe              |    40 |    63 |    49 |       ||   152
       Leather armour    |       |       |   116 |    91 ||   207
Dodge: Dodged            |    53 |   114 |   199 |    83 ||   449

Table legend:
 A = Spawn XP
 B = Non-spawn XP
 C = Spawn XP percentage of total XP
 D = Spawn monster count
 E = Non-spawn monster count
 F = Spawn count percentage of total count
 G = Total turns spent on level
                    A         B        C        D         E        F      G
               +---------+---------+-------+---------+---------+-------+---------
         Total |       0 |    7902 |   0.0 |       0 |     144 |   0.0 |  7949
               +---------+---------+-------+---------+---------+-------+---------
           D:1 |       0 |      55 |   0.0 |       0 |      23 |   0.0 |  1136
           D:2 |       0 |      99 |   0.0 |       0 |      20 |   0.0 |   422
           D:3 |       0 |     117 |   0.0 |       0 |       9 |   0.0 |   708
           D:4 |       0 |     298 |   0.0 |       0 |       8 |   0.0 |   897
           D:5 |       0 |     272 |   0.0 |       0 |       6 |   0.0 |   275
           D:6 |       0 |    1264 |   0.0 |       0 |      23 |   0.0 |  2026
           D:7 |       0 |    1769 |   0.0 |       0 |      25 |   0.0 |   975
           D:8 |       0 |    2080 |   0.0 |       0 |      20 |   0.0 |  1062
           D:9 |       0 |    1948 |   0.0 |       0 |      10 |   0.0 |   363
               +---------+---------+-------+---------+---------+-------+---------
